Bruins vs Blue Jackets

Created - 30 octobre 2017 at 15:55

Goals
1 2 3 T
Bruins 1 0 1 2
Blue Jackets 1 0 0 1
Shots
1 2 3 T
Bruins 19 2 14 35
Blue Jackets 9 15 3 27

1st period

1. Blue Jackets , Jarome Iginla 6 (Eric Staal 8, James Wisniewski 10) at 0:34
2. Bruins , Rickard Rakell 2 (Ryan McDonagh 4, Cody Franson 2) at 11:46

Penalties :
Evander Kane (CBJ) for Delaying the game (Minor) at 0:37, Travis Moen (BOS) for Tripping (Minor) at 16:26, Derek Dorsett (CBJ) for Checking from behind (Minor) at 17:19

2nd period

No Goal

Penalties :
Ryan O'Marra (BOS) for Hooking (Minor) at 10:22, Carlo Colaiacovo (CBJ) for Interference (Minor) at 14:28, Brad Marchand (BOS) for Hooking (Minor) at 14:28, Dion Phaneuf (BOS) for Charging (Minor) at 19:44

3rd period

3. Bruins , Dale Weise 2 (Filip Forsberg 2) at 12:32

Penalties :
Jarome Iginla (CBJ) for Hooking (Minor) at 3:19, Carlo Colaiacovo (CBJ) for Goalie Interference (Minor) at 7:37, Carlo Colaiacovo (CBJ) for Interference (Minor) at 9:57, Andre Benoit (CBJ) for Holding (Minor) at 13:31, Carlo Colaiacovo (CBJ) for Hooking (Minor) at 17:22, Rickard Rakell (BOS) for Hooking (Minor) at 17:22

Goalie Stats

Tuukka Rask (BOS), 26 saves from 27 shots - (0,963), W, 8-1-1, 60:00 minutes
Gerald Coleman (CBJ), 33 saves from 35 shots - (0,943), L, 2-3-0, 59:25 minutes

Players Stats for Bruins

Player Name              G  A  P  +/- PIM S  H  SB GA TA FO     MP     PP MP  PK MP  
------------------------------------------------------------------------------------
Alex Goligoski           0  0  0   0  0   3  1  2  0  0  0/0    21:46   5:38   2:27 
Brad Marchand            0  0  0   0  2   3  3  1  0  0  1/4    21:29   5:30   4:01 
Brent Burns              0  0  0  -1  0   1  2  2  0  0  6/17   24:11   4:56   0:50 
Charlie Coyle            0  0  0   1  0   0  0  0  0  0  5/7     8:08   0:00   0:00 
Cody Franson             0  1  1   1  0   1  0  2  0  0  0/0    20:02   4:48   2:48 
Dale Weise               1  0  1   1  0   4  0  0  0  0  0/0    11:35   0:00   0:50 
Dion Phaneuf             0  0  0   0  2   2  4  1  0  0  0/0    26:19   5:13   1:05 
Dmitri Kalinin           0  0  0   0  0   0  0  1  0  0  0/0    15:49   0:00   0:08 
Filip Forsberg           0  1  1   1  0   3  0  0  0  0  5/11   10:45   0:00   0:00 
John Tavares             0  0  0   0  0   4  0  0  0  0  14/22  15:28   5:30   0:00 
Kyle Turris              0  0  0   0  0   0  0  0  0  0  0/0     0:22   0:22   0:00 
Phil Kessel              0  0  0  -1  0   2  0  0  0  0  0/0    18:29   4:38   0:00 
Rickard Rakell           1  0  1   1  2   3  0  0  0  0  0/1     8:29   0:22   0:00 
Ryan McDonagh            0  1  1   1  0   1  0  0  0  0  0/0    24:12   5:35   3:14 
Ryan O'Marra             0  0  0   1  2   0  0  0  0  0  3/3    12:08   0:22   0:00 
Scott Gomez              0  0  0  -1  0   5  0  1  0  0  1/4    16:40   4:56   0:14 
Travis Moen              0  0  0   1  2   1  1  0  0  0  0/0    11:28   0:22   0:00 
Tyler Seguin             0  0  0   0  0   2  1  1  0  0  3/12   22:40   5:48   3:47 

Players Stats for Blue Jackets

Player Name              G  A  P  +/- PIM S  H  SB GA TA FO     MP     PP MP  PK MP  
------------------------------------------------------------------------------------
Alex Galchenyuk          0  0  0   0  0   0  0  0  0  0  0/0     7:57   0:00   0:00 
Andre Benoit             0  0  0  -1  2   1  4  1  0  0  0/0    20:57   1:24   3:23 
Carlo Colaiacovo         0  0  0  -1  8   1  4  0  0  0  0/0    17:48   1:24   2:36 
Corey Locke              0  0  0  -1  0   0  1  1  0  0  5/9    21:59   2:20   6:08 
Damien Brunner           0  0  0   0  0   1  0  0  0  0  2/7     7:57   0:00   0:00 
Dennis Wideman           0  0  0   1  0   1  0  3  0  0  0/0    24:38   3:27   6:27 
Derek Dorsett            0  0  0  -1  2   0  5  0  0  0  0/0    12:16   2:19   0:00 
Doug Janik               0  0  0  -1  0   1  8  1  0  0  0/0    17:02   0:00   2:43 
Eric Staal               0  1  1   0  0   3  1  0  0  0  1/1    13:08   0:00   0:00 
Evander Kane             0  0  0  -1  2   3  3  0  0  0  9/19   16:17   2:20   2:31 
Jake Gardiner            0  0  0  -1  0   1  0  2  0  0  0/0    15:16   0:00   0:00 
James Wisniewski         0  1  1   1  0   0  1  0  0  0  0/0    24:14   3:27   6:27 
Jarome Iginla            1  0  1   0  2   3  0  0  0  0  8/12   13:07   0:00   0:00 
Lukas Kaspar             0  0  0   0  0   2  1  0  0  0  12/21  18:42   2:31   7:27 
Matt Read                0  0  0   0  0   2  0  0  0  0  3/7    10:46   2:31   0:00 
Nick Bjugstad            0  0  0   0  0   0  1  0  0  0  0/0     7:57   0:00   0:00 
Rick Nash                0  0  0   0  0   6  3  0  0  0  3/5    20:30   2:31   3:21 
Tomas Kopecky            0  0  0   0  0   2  1  0  0  0  0/0    13:29   0:00   2:09 

3 Stars

1 - Tuukka Rask (BOS)
2 - Gerald Coleman (CBJ)
3 - Dale Weise (BOS)

Power Play

Bruins - 0 on 6 Attempt(s) - 0,00%
Blue Jackets - 0 on 3 Attempt(s) - 0,00%

Penalty Kill

Bruins - 3 on 3 Attempt(s) - 100,00% - Score 0 goal in Penalty Kill
Blue Jackets - 6 on 6 Attempt(s) - 100,00% - Score 0 goal in Penalty Kill

Team Stat

Bruins - Hits : 12 - Faceoff Wins : 38 - Blocked Shots : 11 - Penalty Minutes : 10
Blue Jackets - Hits : 33 - Faceoff Wins : 43 - Blocked Shots : 8 - Penalty Minutes : 16

Official

Referees : David Banfield and Furman South
Linesman : Mike Hamilton and Kevin Hall

Game Notes

No Game Note

Finance

Level 1 -- Attendance: 6671 (98,83%) -- Ticket Income 620 403 $
Level 2 -- Attendance: 5451 (94,80%) -- Ticket Income 370 668 $
Level 3 -- Attendance: 2283 (83,02%) -- Ticket Income 93 603 $
Level 4 -- Attendance: 4005 (84,32%) -- Ticket Income 96 120 $
Luxury Box -- Attendance: 1132 (81,56%) -- Ticket Income 396 200 $
Game was played at the Nationwide Arena.
Total Attendance: 19542 (91,37%)
Total Ticket Income: 1 576 994 $
Other Income: 772 727 $
Total Income: 2 349 721 $

Bruins

5 vs 5 Forward 
   Center                   Left Wing                Right Wing               Time % Phy DF OF 
 1 Brent Burns              Scott Gomez              Phil Kessel              38     1   2  2  
 2 John Tavares             Brad Marchand            Tyler Seguin             35     1   2  2  
 3 Filip Forsberg           Travis Moen              Dale Weise               17     1   2  2  
 4 Charlie Coyle            Rickard Rakell           Ryan O'Marra             10     1   2  2  

5 vs 5 Defense 
   Defense                  Defense                                           Time % Phy DF OF 
 1 Dmitri Kalinin           Dion Phaneuf                                      40     1   2  2  
 2 Ryan McDonagh            Cody Franson                                      30     1   2  2  
 3 Brent Burns              Alex Goligoski                                    20     1   2  2  
 4 Dion Phaneuf             Ryan McDonagh                                     10     1   2  2  

PowerPlay Forward 
   Center                   Left Wing                Right Wing               Time % Phy DF OF 
 1 Brent Burns              Scott Gomez              Tyler Seguin             60     1   2  2  
 2 John Tavares             Brad Marchand            Phil Kessel              40     1   2  2  

PowerPlay Defense
   Defense                  Defense                                           Time % Phy DF OF 
 1 Cody Franson             Dion Phaneuf                                      60     1   2  2  
 2 Ryan McDonagh            Alex Goligoski                                    40     1   2  2  

Penalty Kill 4 Players Forward 
   Center                   Wing                     Time % Phy DF OF 
 1 Tyler Seguin             Brad Marchand            60     1   2  2  
 2 Brent Burns              Dale Weise               40     1   2  2  

Penalty Kill 4 Players Defense
   Defense                  Defense                  Time % Phy DF OF 
 1 Dion Phaneuf             Alex Goligoski           60     1   2  2  
 2 Ryan McDonagh            Cody Franson             40     1   2  2  

Penalty Kill - 3 Players Forward 
   Forward                                           Time % Phy DF OF 
 1 Brent Burns                                       60     1   2  2  
 2 Brad Marchand                                     40     1   2  2  

Penalty Kill - 3 Players Defense
   Defense                  Defense                  Time % Phy DF OF 
 1 Dion Phaneuf             Alex Goligoski           60     1   2  2  
 2 Ryan McDonagh            Cody Franson             40     1   2  2  

4 vs 4 Forward 
   Center                   Wing                     Time % Phy DF OF 
 1 Brad Marchand            Phil Kessel              60     1   2  2  
 2 Tyler Seguin             Brent Burns              40     1   2  2  

4 vs 4 Defense
   Defense                  Defense                  Time % Phy DF OF 
 1 Cody Franson             Dion Phaneuf             60     1   2  2  
 2 Ryan McDonagh            Alex Goligoski           40     1   2  2  

Last Minutes Offensive
   Center                   Left Wing                Right Wing               Defense                  Defense                  
   John Tavares             Phil Kessel              Scott Gomez              Brent Burns              Alex Goligoski           

Last Minutes Defensive
   Center                   Left Wing                Right Wing               Defense                  Defense                  
   Brent Burns              Scott Gomez              Brad Marchand            Ryan McDonagh            Dion Phaneuf             

Goaltenders
Starting : Tuukka Rask              
Backup : Dany Sabourin            

Extra Forwards
Normal : Tyler Seguin, Phil Kessel, Brad Marchand - PP : Brent Burns, Tyler Seguin - PK : Brad Marchand
Extra Defensemen
Normal : Dion Phaneuf, Cody Franson, Ryan McDonagh - PP : Ryan McDonagh - PK : Ryan McDonagh, Cody Franson
Penalty Shots
John Tavares, Phil Kessel, Brent Burns, Tyler Seguin, Brad Marchand
Custom OT Lines Forwards
Tyler Seguin, Brent Burns, Scott Gomez, Brad Marchand, John Tavares, Filip Forsberg, Phil Kessel, Rickard Rakell, Dale Weise, Charlie Coyle
Custom OT Lines Defensemen
Brent Burns, Dion Phaneuf, Ryan McDonagh, Cody Franson, Alex Goligoski

Scratches
Jeff Taffe (Healthy), David Koci (Healthy), Josh Beaulieu (Healthy), Alexander Nikulin (Healthy), Tommy Cross (Healthy)
Mark Zengerle (Healthy), Marc Cheverie (Healthy)

Blue Jackets

5 vs 5 Forward 
   Center                   Left Wing                Right Wing               Time % Phy DF OF 
 1 Jarome Iginla            Rick Nash                Eric Staal               40     1   2  2  
 2 Evander Kane             Corey Locke              Derek Dorsett            30     1   2  2  
 3 Matt Read                Lukas Kaspar             Tomas Kopecky            20     1   2  2  
 4 Damien Brunner           Alex Galchenyuk          Nick Bjugstad            10     1   2  2  

5 vs 5 Defense 
   Defense                  Defense                                           Time % Phy DF OF 
 1 Dennis Wideman           James Wisniewski                                  40     1   2  2  
 2 Carlo Colaiacovo         Andre Benoit                                      30     1   2  2  
 3 Jake Gardiner            Doug Janik                                        20     1   2  2  
 4 Dennis Wideman           James Wisniewski                                  10     1   2  2  

PowerPlay Forward 
   Center                   Left Wing                Right Wing               Time % Phy DF OF 
 1 Lukas Kaspar             Rick Nash                Matt Read                60     1   2  2  
 2 Evander Kane             Corey Locke              Derek Dorsett            40     1   2  2  

PowerPlay Defense
   Defense                  Defense                                           Time % Phy DF OF 
 1 Dennis Wideman           James Wisniewski                                  60     1   2  2  
 2 Carlo Colaiacovo         Andre Benoit                                      40     1   2  2  

Penalty Kill 4 Players Forward 
   Center                   Wing                     Time % Phy DF OF 
 1 Lukas Kaspar             Corey Locke              60     1   2  2  
 2 Rick Nash                Evander Kane             40     1   2  2  

Penalty Kill 4 Players Defense
   Defense                  Defense                  Time % Phy DF OF 
 1 Dennis Wideman           James Wisniewski         60     1   2  2  
 2 Carlo Colaiacovo         Andre Benoit             40     1   2  2  

Penalty Kill - 3 Players Forward 
   Forward                                           Time % Phy DF OF 
 1 Evander Kane                                      60     1   2  2  
 2 Rick Nash                                         40     1   2  2  

Penalty Kill - 3 Players Defense
   Defense                  Defense                  Time % Phy DF OF 
 1 Dennis Wideman           James Wisniewski         60     1   2  2  
 2 Carlo Colaiacovo         Andre Benoit             40     1   2  2  

4 vs 4 Forward 
   Center                   Wing                     Time % Phy DF OF 
 1 Corey Locke              Tomas Kopecky            60     1   2  2  
 2 Rick Nash                Evander Kane             40     1   2  2  

4 vs 4 Defense
   Defense                  Defense                  Time % Phy DF OF 
 1 Dennis Wideman           James Wisniewski         60     1   2  2  
 2 Carlo Colaiacovo         Andre Benoit             40     1   2  2  

Last Minutes Offensive
   Center                   Left Wing                Right Wing               Defense                  Defense                  
   Jarome Iginla            Rick Nash                Eric Staal               Dennis Wideman           James Wisniewski         

Last Minutes Defensive
   Center                   Left Wing                Right Wing               Defense                  Defense                  
   Jarome Iginla            Rick Nash                Eric Staal               Dennis Wideman           James Wisniewski         

Goaltenders
Starting : Gerald Coleman           
Backup : Steve Mason              

Extra Forwards
Normal : Lukas Kaspar, Matt Read, Tomas Kopecky - PP : Lukas Kaspar, Matt Read - PK : Tomas Kopecky
Extra Defensemen
Normal : Jake Gardiner, Doug Janik, Carlo Colaiacovo - PP : Jake Gardiner - PK : Doug Janik, Carlo Colaiacovo
Penalty Shots
Tomas Kopecky, Matt Read, Rick Nash, Evander Kane, Corey Locke
Custom OT Lines Forwards
Jarome Iginla, Eric Staal, Rick Nash, Evander Kane, Corey Locke, Derek Dorsett, Lukas Kaspar, Matt Read, Tomas Kopecky, Damien Brunner
Custom OT Lines Defensemen
Dennis Wideman, James Wisniewski, Carlo Colaiacovo, Andre Benoit, Jake Gardiner

Scratches
Scott Sabourin (Healthy)

% Time on Ice - Bruins

Lines # - Real PCT - Wanted PCT - Time Play
Normal Forward
1 - 25% - 38% - 9:48
2 - 26% - 35% - 9:58
3 - 28% - 17% - 10:45
4 - 21% - 10% - 8:08
Normal Defense
1 - 39% - 40% - 15:13
2 - 24% - 30% - 9:28
3 - 30% - 20% - 11:27
4 - 7% - 10% - 2:31
PP Forward
1 - 49% - 60% - 5:18
2 - 51% - 40% - 5:30
PP Defense
1 - 48% - 60% - 5:10
2 - 52% - 40% - 5:38
PK Forward
1 - 83% - 60% - 4:01
2 - 17% - 40% - 0:50
PK Defense
1 - 58% - 60% - 2:49
2 - 42% - 40% - 2:02
PK3 Forward
1 - 0% - 60%
2 - 0% - 40%
PK3 Defense
1 - 0% - 60%
2 - 0% - 40%
44 Forward
1 - 87% - 60% - 4:25
2 - 13% - 40% - 0:39
44 Defense
1 - 56% - 60% - 2:50
2 - 44% - 40% - 2:14
Last Minute Offensive  - 0:00
Last Minute Defensive  - 0:38
Total
Forward - 60:00
Defense - 60:00

% Time on Ice - Blue Jackets

Lines # - Real PCT - Wanted PCT - Time Play
Normal Forward
1 - 32% - 40% - 12:30
2 - 26% - 30% - 9:57
3 - 21% - 20% - 8:15
4 - 21% - 10% - 7:57
Normal Defense
1 - 31% - 40% - 11:54
2 - 34% - 30% - 13:05
3 - 35% - 20% - 13:40
4 - 0% - 10% - 0:00
PP Forward
1 - 52% - 60% - 2:31
2 - 48% - 40% - 2:20
PP Defense
1 - 71% - 60% - 3:27
2 - 29% - 40% - 1:24
PK Forward
1 - 69% - 60% - 7:27
2 - 31% - 40% - 3:21
PK Defense
1 - 60% - 60% - 6:27
2 - 40% - 40% - 4:21
PK3 Forward
1 - 0% - 60%
2 - 0% - 40%
PK3 Defense
1 - 0% - 60%
2 - 0% - 40%
44 Forward
1 - 70% - 60% - 3:34
2 - 30% - 40% - 1:30
44 Defense
1 - 39% - 60% - 1:58
2 - 61% - 40% - 3:06
Last Minute Offensive  - 0:38
Last Minute Defensive  - 0:00
Total
Forward - 60:00
Defense - 60:00

Play by Play

1st period


0:01 of 1st period - Jarome Iginla wins face-off versus Scott Gomez in neutral zone.
0:32 of 1st period - Shot by Eric Staal.
0:32 of 1st period - Shot Misses the Net.
0:34 of 1st period - Shot by Jarome Iginla.
0:34 of 1st period - Goal by Jarome Iginla - Bruins : 0 - Blue Jackets : 1.
0:35 of 1st period - John Tavares wins face-off versus Evander Kane in neutral zone.
0:37 of 1st period - Minor Penalty to Evander Kane for Delaying the game.
0:38 of 1st period - Lukas Kaspar wins face-off versus John Tavares in Blue Jackets zone.
1:17 of 1st period - Shot by Alex Goligoski.
1:17 of 1st period - Stopped by Gerald Coleman without a rebound.
1:18 of 1st period - Rick Nash wins face-off versus Brent Burns in Blue Jackets zone.
1:24 of 1st period - Icing by Cody Franson.
1:25 of 1st period - Brent Burns wins face-off versus Rick Nash in Bruins zone.
1:41 of 1st period - Shot by Brent Burns.
1:41 of 1st period - Stopped by Gerald Coleman without a rebound.
1:42 of 1st period - Lukas Kaspar wins face-off versus Brent Burns in Blue Jackets zone.
1:51 of 1st period - Shot by Scott Gomez.
1:51 of 1st period - Stopped by Gerald Coleman without a rebound.
1:52 of 1st period - John Tavares wins face-off versus Rick Nash in Blue Jackets zone.
2:24 of 1st period - Shot by Phil Kessel.
2:24 of 1st period - Shot Blocked by Dennis Wideman.
2:34 of 1st period - Shot by Brad Marchand.
2:34 of 1st period - Stopped by Gerald Coleman with a rebound.
3:31 of 1st period - Icing by Doug Janik.
3:32 of 1st period - Charlie Coyle wins face-off versus Damien Brunner in Blue Jackets zone.
3:32 of 1st period - Brent Burns is hit by Doug Janik and loses puck.
4:00 of 1st period - Shot by Evander Kane.
4:00 of 1st period - Stopped by Tuukka Rask without a rebound.
4:01 of 1st period - John Tavares wins face-off versus Jarome Iginla in Bruins zone.
4:06 of 1st period - Shot by John Tavares.
4:06 of 1st period - Stopped by Gerald Coleman without a rebound.
4:07 of 1st period - John Tavares wins face-off versus Corey Locke in Blue Jackets zone.
4:11 of 1st period - Icing by Carlo Colaiacovo.
4:12 of 1st period - Evander Kane wins face-off versus John Tavares in Blue Jackets zone.
5:05 of 1st period - Jarome Iginla is hit by Brad Marchand and loses puck.
5:26 of 1st period - Shot by Eric Staal.
5:26 of 1st period - Shot Blocked by Scott Gomez.
5:38 of 1st period - Shot by Scott Gomez.
5:38 of 1st period - Stopped by Gerald Coleman without a rebound.
5:39 of 1st period - Filip Forsberg wins face-off versus Matt Read in Blue Jackets zone.
5:46 of 1st period - Shot by Dale Weise.
5:46 of 1st period - Stopped by Gerald Coleman with a rebound.
5:48 of 1st period - Shot by Travis Moen.
5:48 of 1st period - Stopped by Gerald Coleman with a rebound.
5:50 of 1st period - Shot by Filip Forsberg.
5:50 of 1st period - Shot Misses the Net.
5:52 of 1st period - Shot by Filip Forsberg.
5:52 of 1st period - Shot Hit the Post.
5:54 of 1st period - Shot by Filip Forsberg.
5:54 of 1st period - Stopped by Gerald Coleman without a rebound.
5:55 of 1st period - Damien Brunner wins face-off versus Charlie Coyle in Blue Jackets zone.
6:28 of 1st period - Shot by Damien Brunner.
6:28 of 1st period - Shot Blocked by Dmitri Kalinin.
6:30 of 1st period - Shot by Damien Brunner.
6:30 of 1st period - Stopped by Tuukka Rask without a rebound.
6:31 of 1st period - Eric Staal wins face-off versus Brent Burns in Bruins zone.
6:38 of 1st period - Shot by Rick Nash.
6:38 of 1st period - Deflect By Jarome Iginla.
6:38 of 1st period - Shot Misses the Net.
6:40 of 1st period - Shot by Jarome Iginla.
6:40 of 1st period - Stopped by Tuukka Rask without a rebound.
6:41 of 1st period - John Tavares wins face-off versus Matt Read in Bruins zone.
6:50 of 1st period - Shot by Tyler Seguin.
6:50 of 1st period - Stopped by Gerald Coleman without a rebound.
6:51 of 1st period - Jarome Iginla wins face-off versus Scott Gomez in Blue Jackets zone.
7:02 of 1st period - Shot by Rick Nash.
7:02 of 1st period - Stopped by Tuukka Rask without a rebound.
7:03 of 1st period - John Tavares wins face-off versus Evander Kane in Bruins zone.
7:18 of 1st period - Tyler Seguin is hit by Evander Kane and loses puck.
7:44 of 1st period - Brad Marchand is hit by Derek Dorsett and loses puck.
8:29 of 1st period - Icing by Phil Kessel.
8:30 of 1st period - Matt Read wins face-off versus Brent Burns in Bruins zone.
8:38 of 1st period - Dion Phaneuf is hit by Tomas Kopecky and loses puck.
9:03 of 1st period - Shot by Scott Gomez.
9:03 of 1st period - Stopped by Gerald Coleman with a rebound.
9:35 of 1st period - Shot by Filip Forsberg.
9:35 of 1st period - Shot Misses the Net.
10:18 of 1st period - Charlie Coyle is hit by Doug Janik and loses puck.
10:29 of 1st period - Shot by Rickard Rakell.
10:29 of 1st period - Stopped by Gerald Coleman without a rebound.
10:30 of 1st period - Rick Nash wins face-off versus John Tavares in Blue Jackets zone.
10:30 of 1st period - Rick Nash is hit by Brad Marchand.
10:38 of 1st period - Shot by Brad Marchand.
10:38 of 1st period - Shot Hit the Post.
10:56 of 1st period - Shot by Jarome Iginla.
10:56 of 1st period - Shot Misses the Net.
10:58 of 1st period - Shot by Dennis Wideman.
10:58 of 1st period - Shot Misses the Net.
11:12 of 1st period - Shot by Jarome Iginla.
11:12 of 1st period - Stopped by Tuukka Rask without a rebound.
11:13 of 1st period - Filip Forsberg wins face-off versus Evander Kane in Bruins zone.
11:13 of 1st period - Filip Forsberg is hit by Derek Dorsett.
11:28 of 1st period - Icing by Carlo Colaiacovo.
11:29 of 1st period - Charlie Coyle wins face-off versus Evander Kane in Blue Jackets zone.
11:30 of 1st period - Shot by Rickard Rakell.
11:30 of 1st period - Shot Misses the Net.
11:46 of 1st period - Shot by Rickard Rakell.
11:46 of 1st period - Goal by Rickard Rakell - Bruins : 1 - Blue Jackets : 1.
11:47 of 1st period - John Tavares wins face-off versus Jarome Iginla in neutral zone.
12:16 of 1st period - Shot by Brad Marchand.
12:16 of 1st period - Shot Hit the Post.
12:28 of 1st period - Shot by John Tavares.
12:28 of 1st period - Stopped by Gerald Coleman without a rebound.
12:29 of 1st period - Ryan O'Marra wins face-off versus Evander Kane in Blue Jackets zone.
12:38 of 1st period - Shot by Phil Kessel.
12:38 of 1st period - Shot Misses the Net.
13:01 of 1st period - Shot by Scott Gomez.
13:01 of 1st period - Stopped by Gerald Coleman with a rebound.
13:38 of 1st period - Icing by Doug Janik.
13:39 of 1st period - John Tavares wins face-off versus Matt Read in Blue Jackets zone.
13:40 of 1st period - Shot by Dion Phaneuf.
13:40 of 1st period - Shot Misses the Net.
13:47 of 1st period - Doug Janik is hit by Dion Phaneuf and loses puck.
14:00 of 1st period - Shot by Lukas Kaspar.
14:00 of 1st period - Shot Blocked by Dion Phaneuf.
14:02 of 1st period - Shot by Tomas Kopecky.
14:02 of 1st period - Shot Misses the Net.
14:04 of 1st period - Shot by Matt Read.
14:04 of 1st period - Shot Misses the Net.
14:06 of 1st period - Shot by Tomas Kopecky.
14:06 of 1st period - Stopped by Tuukka Rask with a rebound.
14:29 of 1st period - Shot by Rick Nash.
14:29 of 1st period - Shot Misses the Net.
14:31 of 1st period - Shot by Eric Staal.
14:31 of 1st period - Shot Misses the Net.
14:34 of 1st period - Rick Nash is hit by Dion Phaneuf and loses puck.
14:56 of 1st period - James Wisniewski is hit by Tyler Seguin and loses puck.
15:25 of 1st period - Shot by Dale Weise.
15:25 of 1st period - Shot Misses the Net.
15:29 of 1st period - Shot by Ryan McDonagh.
15:29 of 1st period - Stopped by Gerald Coleman without a rebound.
15:30 of 1st period - Ryan O'Marra wins face-off versus Damien Brunner in Blue Jackets zone.
15:50 of 1st period - Brent Burns is hit by Doug Janik and loses puck.
15:54 of 1st period - Phil Kessel is hit by Doug Janik and loses puck.
15:59 of 1st period - Shot by Phil Kessel.
15:59 of 1st period - Shot Blocked by Jake Gardiner.
16:03 of 1st period - Shot by Phil Kessel.
16:03 of 1st period - Stopped by Gerald Coleman without a rebound.
16:04 of 1st period - Evander Kane wins face-off versus Filip Forsberg in Blue Jackets zone.
16:04 of 1st period - Carlo Colaiacovo is hit by Travis Moen and loses puck.
16:25 of 1st period - Shot by Dale Weise.
16:25 of 1st period - Shot Misses the Net.
16:26 of 1st period - Minor Penalty to Travis Moen for Tripping.
16:27 of 1st period - Tyler Seguin wins face-off versus Lukas Kaspar in Bruins zone.
16:27 of 1st period - Tyler Seguin is hit by Rick Nash.
16:34 of 1st period - Icing by Dennis Wideman.
16:35 of 1st period - Lukas Kaspar wins face-off versus Tyler Seguin in Blue Jackets zone.
16:48 of 1st period - Shot by Rick Nash.
16:48 of 1st period - Shot Misses the Net.
16:50 of 1st period - Shot by Rick Nash.
16:50 of 1st period - Stopped by Tuukka Rask with a rebound.
17:17 of 1st period - Shot by Lukas Kaspar.
17:17 of 1st period - Stopped by Tuukka Rask without a rebound.
17:18 of 1st period - Brent Burns wins face-off versus Evander Kane in Bruins zone.
17:18 of 1st period - Brent Burns is hit by Derek Dorsett.
17:19 of 1st period - Minor Penalty to Derek Dorsett for Checking from behind.
17:20 of 1st period - Brad Marchand wins face-off versus Corey Locke in Blue Jackets zone.
18:41 of 1st period - Shot by Scott Gomez.
18:41 of 1st period - Stopped by Gerald Coleman without a rebound.
18:42 of 1st period - Brent Burns wins face-off versus Lukas Kaspar in Blue Jackets zone.
19:03 of 1st period - Shot by Scott Gomez.
19:03 of 1st period - Shot Misses the Net.
19:07 of 1st period - Shot by Alex Goligoski.
19:07 of 1st period - Stopped by Gerald Coleman without a rebound.
19:08 of 1st period - John Tavares wins face-off versus Lukas Kaspar in Blue Jackets zone.
19:08 of 1st period - John Tavares is hit by Carlo Colaiacovo.
Goals for this period are 1 for Bruins vs 1 for Blue Jackets.
Shots for this period are 19 for Bruins vs 9 for Blue Jackets.

2nd period


0:01 of 2nd period - Jarome Iginla wins face-off versus Brent Burns in neutral zone.
0:09 of 2nd period - Off-side.
0:10 of 2nd period - Evander Kane wins face-off versus Scott Gomez in neutral zone.
0:25 of 2nd period - James Wisniewski is hit by Brent Burns and loses puck.
0:34 of 2nd period - Shot by Phil Kessel.
0:34 of 2nd period - Shot Misses the Net.
0:36 of 2nd period - Shot by Dion Phaneuf.
0:36 of 2nd period - Shot Misses the Net.
1:01 of 2nd period - Icing by Dennis Wideman.
1:02 of 2nd period - Evander Kane wins face-off versus Brad Marchand in Blue Jackets zone.
1:29 of 2nd period - Shot by Rick Nash.
1:29 of 2nd period - Stopped by Tuukka Rask without a rebound.
1:30 of 2nd period - Matt Read wins face-off versus Filip Forsberg in Bruins zone.
1:40 of 2nd period - Icing by Doug Janik.
1:41 of 2nd period - Matt Read wins face-off versus Rickard Rakell in Blue Jackets zone.
3:13 of 2nd period - Shot by Eric Staal.
3:13 of 2nd period - Shot Blocked by Alex Goligoski.
3:17 of 2nd period - Shot by Rick Nash.
3:17 of 2nd period - Stopped by Tuukka Rask without a rebound.
3:18 of 2nd period - Evander Kane wins face-off versus Filip Forsberg in Bruins zone.
3:33 of 2nd period - Icing by Derek Dorsett.
3:34 of 2nd period - Charlie Coyle wins face-off versus Evander Kane in Blue Jackets zone.
4:54 of 2nd period - Shot by Eric Staal.
4:54 of 2nd period - Shot Misses the Net.
4:56 of 2nd period - Shot by Dennis Wideman.
4:56 of 2nd period - Stopped by Tuukka Rask with a rebound.
4:58 of 2nd period - Shot by Eric Staal.
4:58 of 2nd period - Stopped by Tuukka Rask without a rebound.
4:59 of 2nd period - Ryan O'Marra wins face-off versus Matt Read in Bruins zone.
4:59 of 2nd period - Ryan O'Marra is hit by Lukas Kaspar.
5:25 of 2nd period - Shot by Lukas Kaspar.
5:25 of 2nd period - Stopped by Tuukka Rask with a rebound.
5:27 of 2nd period - Shot by Tomas Kopecky.
5:27 of 2nd period - Shot Blocked by Brent Burns.
5:29 of 2nd period - Shot by Jake Gardiner.
5:29 of 2nd period - Shot Blocked by Brent Burns.
5:31 of 2nd period - Shot by Matt Read.
5:31 of 2nd period - Stopped by Tuukka Rask without a rebound.
5:32 of 2nd period - Jarome Iginla wins face-off versus Filip Forsberg in Bruins zone.
5:35 of 2nd period - Shot by Rick Nash.
5:35 of 2nd period - Deflect By Jarome Iginla.
5:35 of 2nd period - Shot Misses the Net.
6:38 of 2nd period - Brad Marchand is hit by Andre Benoit.
8:22 of 2nd period - Shot by Filip Forsberg.
8:22 of 2nd period - Shot Blocked by Doug Janik.
8:25 of 2nd period - Icing by Doug Janik.
8:26 of 2nd period - John Tavares wins face-off versus Damien Brunner in Blue Jackets zone.
8:47 of 2nd period - Shot by Damien Brunner.
8:47 of 2nd period - Shot Misses the Net.
10:22 of 2nd period - Minor Penalty to Ryan O'Marra for Hooking.
10:23 of 2nd period - Tyler Seguin wins face-off versus Corey Locke in Bruins zone.
10:36 of 2nd period - Shot by Evander Kane.
10:36 of 2nd period - Stopped by Tuukka Rask without a rebound.
10:37 of 2nd period - Lukas Kaspar wins face-off versus Tyler Seguin in Bruins zone.
10:44 of 2nd period - Shot by Rick Nash.
10:44 of 2nd period - Stopped by Tuukka Rask without a rebound.
10:45 of 2nd period - Lukas Kaspar wins face-off versus Tyler Seguin in Bruins zone.
11:08 of 2nd period - Shot by Andre Benoit.
11:08 of 2nd period - Shot Blocked by Tyler Seguin.
11:10 of 2nd period - Shot by Carlo Colaiacovo.
11:10 of 2nd period - Shot Misses the Net.
11:12 of 2nd period - Shot by Matt Read.
11:12 of 2nd period - Stopped by Tuukka Rask without a rebound.
11:13 of 2nd period - Evander Kane wins face-off versus Tyler Seguin in Bruins zone.
12:00 of 2nd period - Icing by Dennis Wideman.
12:01 of 2nd period - Evander Kane wins face-off versus Brent Burns in Blue Jackets zone.
12:17 of 2nd period - Brent Burns is hit by Evander Kane and loses puck.
12:29 of 2nd period - Lukas Kaspar is hit by Dion Phaneuf and loses puck.
12:58 of 2nd period - Shot by Carlo Colaiacovo.
12:58 of 2nd period - Shot Misses the Net.
13:00 of 2nd period - Shot by Tomas Kopecky.
13:00 of 2nd period - Stopped by Tuukka Rask with a rebound.
13:02 of 2nd period - Shot by Tomas Kopecky.
13:02 of 2nd period - Shot Misses the Net.
13:04 of 2nd period - Shot by Andre Benoit.
13:04 of 2nd period - Shot Misses the Net.
13:06 of 2nd period - Shot by Carlo Colaiacovo.
13:06 of 2nd period - Stopped by Tuukka Rask without a rebound.
13:07 of 2nd period - Jarome Iginla wins face-off versus Brent Burns in Bruins zone.
13:38 of 2nd period - Shot by Rick Nash.
13:38 of 2nd period - Shot Misses the Net.
13:40 of 2nd period - Shot by Doug Janik.
13:40 of 2nd period - Stopped by Tuukka Rask without a rebound.
13:41 of 2nd period - Filip Forsberg wins face-off versus Damien Brunner in Bruins zone.
13:52 of 2nd period - Shot by Nick Bjugstad.
13:52 of 2nd period - Deflect By Alex Galchenyuk.
13:52 of 2nd period - Shot Misses the Net.
14:10 of 2nd period - Shot by Filip Forsberg.
14:10 of 2nd period - Deflect By Dale Weise.
14:10 of 2nd period - Stopped by Gerald Coleman without a rebound.
14:11 of 2nd period - John Tavares wins face-off versus Evander Kane in Blue Jackets zone.
14:11 of 2nd period - John Tavares is hit by Carlo Colaiacovo.
14:13 of 2nd period - Shot by Brad Marchand.
14:13 of 2nd period - Shot Misses the Net.
14:26 of 2nd period - Brad Marchand is hit by Carlo Colaiacovo and loses puck.
14:28 of 2nd period - Minor Penalty to Carlo Colaiacovo for Interference.
14:28 of 2nd period - Minor Penalty to Brad Marchand for Hooking.
14:29 of 2nd period - Corey Locke wins face-off versus Tyler Seguin in Blue Jackets zone.
15:04 of 2nd period - Icing by Dion Phaneuf.
15:05 of 2nd period - Corey Locke wins face-off versus Tyler Seguin in Bruins zone.
15:06 of 2nd period - Shot by Jake Gardiner.
15:06 of 2nd period - Stopped by Tuukka Rask without a rebound.
15:07 of 2nd period - Scott Gomez wins face-off versus Corey Locke in Bruins zone.
15:15 of 2nd period - Icing by Andre Benoit.
15:16 of 2nd period - Corey Locke wins face-off versus Tyler Seguin in Blue Jackets zone.
15:33 of 2nd period - Shot by Phil Kessel.
15:33 of 2nd period - Shot Blocked by Andre Benoit.
16:19 of 2nd period - Shot by Evander Kane.
16:19 of 2nd period - Shot Misses the Net.
16:21 of 2nd period - Shot by Evander Kane.
16:21 of 2nd period - Shot Blocked by Cody Franson.
16:49 of 2nd period - Dion Phaneuf is hit by Nick Bjugstad.
18:26 of 2nd period - Shot by Brad Marchand.
18:26 of 2nd period - Shot Misses the Net.
18:32 of 2nd period - Shot by Brad Marchand.
18:32 of 2nd period - Stopped by Gerald Coleman without a rebound.
18:33 of 2nd period - Evander Kane wins face-off versus Brent Burns in Blue Jackets zone.
18:38 of 2nd period - Phil Kessel is hit by Derek Dorsett and loses puck.
18:43 of 2nd period - Shot by Derek Dorsett.
18:43 of 2nd period - Deflect By Corey Locke.
18:43 of 2nd period - Shot Misses the Net.
18:45 of 2nd period - Shot by Evander Kane.
18:45 of 2nd period - Stopped by Tuukka Rask without a rebound.
18:46 of 2nd period - Charlie Coyle wins face-off versus Lukas Kaspar in Bruins zone.
19:43 of 2nd period - Shot by Eric Staal.
19:43 of 2nd period - Stopped by Tuukka Rask without a rebound.
19:44 of 2nd period - Evander Kane wins face-off versus John Tavares in Bruins zone.
19:44 of 2nd period - Minor Penalty to Dion Phaneuf for Charging.
19:45 of 2nd period - Tyler Seguin wins face-off versus Evander Kane in Bruins zone.
19:45 of 2nd period - Tyler Seguin is hit by Derek Dorsett.
Goals for this period are 0 for Bruins vs 0 for Blue Jackets.
Shots for this period are 2 for Bruins vs 15 for Blue Jackets.

3rd period


0:01 of 3rd period - Lukas Kaspar wins face-off versus Tyler Seguin in neutral zone.
0:04 of 3rd period - Brad Marchand is hit by Rick Nash and loses puck.
0:41 of 3rd period - Shot by Dennis Wideman.
0:41 of 3rd period - Shot Blocked by Brad Marchand.
1:09 of 3rd period - Shot by Corey Locke.
1:09 of 3rd period - Shot Blocked by Cody Franson.
1:27 of 3rd period - Shot by Andre Benoit.
1:27 of 3rd period - Stopped by Tuukka Rask without a rebound.
1:28 of 3rd period - Brent Burns wins face-off versus Lukas Kaspar in Bruins zone.
1:46 of 3rd period - Shot by Nick Bjugstad.
1:46 of 3rd period - Shot Misses the Net.
1:51 of 3rd period - Damien Brunner is hit by Dion Phaneuf and loses puck.
2:06 of 3rd period - Shot by Brent Burns.
2:06 of 3rd period - Shot Blocked by Jake Gardiner.
2:26 of 3rd period - Phil Kessel is hit by Doug Janik and loses puck.
3:11 of 3rd period - Brent Burns is hit by Evander Kane and loses puck.
3:19 of 3rd period - Minor Penalty to Jarome Iginla for Hooking.
3:20 of 3rd period - Lukas Kaspar wins face-off versus John Tavares in Blue Jackets zone.
3:35 of 3rd period - Shot by Alex Goligoski.
3:35 of 3rd period - Shot Misses the Net.
3:57 of 3rd period - Shot by Alex Goligoski.
3:57 of 3rd period - Shot Misses the Net.
3:59 of 3rd period - Shot by Ryan McDonagh.
3:59 of 3rd period - Shot Blocked by Corey Locke.
4:01 of 3rd period - Shot by Ryan McDonagh.
4:01 of 3rd period - Shot Misses the Net.
4:03 of 3rd period - Shot by Ryan McDonagh.
4:03 of 3rd period - Shot Hit the Post.
4:05 of 3rd period - Shot by Brad Marchand.
4:05 of 3rd period - Stopped by Gerald Coleman with a rebound.
4:07 of 3rd period - Shot by Alex Goligoski.
4:07 of 3rd period - Stopped by Gerald Coleman with a rebound.
4:23 of 3rd period - Shot by Kyle Turris.
4:23 of 3rd period - Deflect By Rickard Rakell.
4:23 of 3rd period - Shot Misses the Net.
4:25 of 3rd period - Shot by Kyle Turris.
4:25 of 3rd period - Shot Misses the Net.
4:33 of 3rd period - Shot by Rickard Rakell.
4:33 of 3rd period - Stopped by Gerald Coleman without a rebound.
4:34 of 3rd period - Rick Nash wins face-off versus Brent Burns in Blue Jackets zone.
5:19 of 3rd period - Shot by Phil Kessel.
5:19 of 3rd period - Stopped by Gerald Coleman without a rebound.
5:20 of 3rd period - Jarome Iginla wins face-off versus Filip Forsberg in Blue Jackets zone.
5:31 of 3rd period - Shot by Filip Forsberg.
5:31 of 3rd period - Shot Misses the Net.
5:33 of 3rd period - Shot by Cody Franson.
5:33 of 3rd period - Deflect By Filip Forsberg.
5:33 of 3rd period - Stopped by Gerald Coleman without a rebound.
5:34 of 3rd period - Charlie Coyle wins face-off versus Damien Brunner in Blue Jackets zone.
5:35 of 3rd period - Shot by Dion Phaneuf.
5:35 of 3rd period - Stopped by Gerald Coleman without a rebound.
5:36 of 3rd period - Jarome Iginla wins face-off versus Filip Forsberg in Blue Jackets zone.
5:47 of 3rd period - Shot by Jarome Iginla.
5:47 of 3rd period - Shot Misses the Net.
5:49 of 3rd period - Shot by Andre Benoit.
5:49 of 3rd period - Shot Misses the Net.
5:51 of 3rd period - Shot by Carlo Colaiacovo.
5:51 of 3rd period - Shot Hit the Post.
5:53 of 3rd period - Shot by Carlo Colaiacovo.
5:53 of 3rd period - Shot Misses the Net.
5:55 of 3rd period - Shot by Eric Staal.
5:55 of 3rd period - Stopped by Tuukka Rask without a rebound.
5:56 of 3rd period - John Tavares wins face-off versus Evander Kane in Bruins zone.
6:02 of 3rd period - Brent Burns is hit by Doug Janik and loses puck.
6:35 of 3rd period - Shot by John Tavares.
6:35 of 3rd period - Stopped by Gerald Coleman without a rebound.
6:36 of 3rd period - Filip Forsberg wins face-off versus Jarome Iginla in Blue Jackets zone.
6:51 of 3rd period - Ryan McDonagh is hit by Rick Nash and loses puck.
7:14 of 3rd period - Shot by Jarome Iginla.
7:14 of 3rd period - Shot Misses the Net.
7:16 of 3rd period - Shot by Jarome Iginla.
7:16 of 3rd period - Shot Misses the Net.
7:20 of 3rd period - Shot by Eric Staal.
7:20 of 3rd period - Shot Misses the Net.
7:37 of 3rd period - Minor Penalty to Carlo Colaiacovo for Goalie Interference.
7:38 of 3rd period - Lukas Kaspar wins face-off versus Brent Burns in Blue Jackets zone.
8:04 of 3rd period - Shot by Tyler Seguin.
8:04 of 3rd period - Shot Misses the Net.
8:06 of 3rd period - Shot by Scott Gomez.
8:06 of 3rd period - Shot Misses the Net.
8:08 of 3rd period - Shot by Brent Burns.
8:08 of 3rd period - Shot Misses the Net.
8:40 of 3rd period - Shot by John Tavares.
8:40 of 3rd period - Shot Misses the Net.
8:42 of 3rd period - Shot by Brad Marchand.
8:42 of 3rd period - Shot Blocked by Dennis Wideman.
8:44 of 3rd period - Shot by Dion Phaneuf.
8:44 of 3rd period - Stopped by Gerald Coleman without a rebound.
8:45 of 3rd period - John Tavares wins face-off versus Lukas Kaspar in Blue Jackets zone.
9:11 of 3rd period - Shot by Cody Franson.
9:11 of 3rd period - Stopped by Gerald Coleman without a rebound.
9:12 of 3rd period - Brent Burns wins face-off versus Lukas Kaspar in Blue Jackets zone.
9:12 of 3rd period - Brent Burns is hit by James Wisniewski.
9:28 of 3rd period - Shot by Scott Gomez.
9:28 of 3rd period - Shot Misses the Net.
9:37 of 3rd period - Icing by Brent Burns.
9:38 of 3rd period - Filip Forsberg wins face-off versus Jarome Iginla in Bruins zone.
9:38 of 3rd period - Dale Weise is hit by Eric Staal and loses puck.
9:44 of 3rd period - Filip Forsberg is hit by Andre Benoit and loses puck.
9:50 of 3rd period - Dale Weise is hit by Andre Benoit and loses puck.
9:57 of 3rd period - Shot by Filip Forsberg.
9:57 of 3rd period - Stopped by Gerald Coleman without a rebound.
9:57 of 3rd period - Minor Penalty to Carlo Colaiacovo for Interference.
9:58 of 3rd period - John Tavares wins face-off versus Lukas Kaspar in Blue Jackets zone.
10:07 of 3rd period - Shot by Phil Kessel.
10:07 of 3rd period - Shot Misses the Net.
11:04 of 3rd period - Shot by Tyler Seguin.
11:04 of 3rd period - Stopped by Gerald Coleman without a rebound.
11:05 of 3rd period - Lukas Kaspar wins face-off versus Brent Burns in Blue Jackets zone.
11:30 of 3rd period - Shot by Tyler Seguin.
11:30 of 3rd period - Shot Blocked by Dennis Wideman.
12:18 of 3rd period - Shot by Dale Weise.
12:18 of 3rd period - Shot Misses the Net.
12:30 of 3rd period - Shot by Dale Weise.
12:30 of 3rd period - Stopped by Gerald Coleman with a rebound.
12:32 of 3rd period - Shot by Dale Weise.
12:32 of 3rd period - Goal by Dale Weise - Bruins : 2 - Blue Jackets : 1.
12:33 of 3rd period - Damien Brunner wins face-off versus Charlie Coyle in neutral zone.
12:38 of 3rd period - Shot by Alex Galchenyuk.
12:38 of 3rd period - Deflect By Damien Brunner.
12:38 of 3rd period - Shot Misses the Net.
13:29 of 3rd period - John Tavares is hit by Carlo Colaiacovo and loses puck.
13:31 of 3rd period - Minor Penalty to Andre Benoit for Holding.
13:32 of 3rd period - Lukas Kaspar wins face-off versus John Tavares in Blue Jackets zone.
13:32 of 3rd period - Lukas Kaspar is hit by Brad Marchand.
13:39 of 3rd period - Icing by Dion Phaneuf.
13:40 of 3rd period - Lukas Kaspar wins face-off versus John Tavares in Bruins zone.
13:50 of 3rd period - Icing by Cody Franson.
13:51 of 3rd period - Lukas Kaspar wins face-off versus John Tavares in Bruins zone.
14:00 of 3rd period - Shot by John Tavares.
14:00 of 3rd period - Stopped by Gerald Coleman without a rebound.
14:01 of 3rd period - Brent Burns wins face-off versus Lukas Kaspar in Blue Jackets zone.
14:19 of 3rd period - Tyler Seguin is hit by Doug Janik and loses puck.
15:03 of 3rd period - Phil Kessel is hit by Doug Janik and loses puck.
16:42 of 3rd period - Jake Gardiner is hit by Alex Goligoski and loses puck.
16:54 of 3rd period - Lukas Kaspar is hit by Brent Burns and loses puck.
16:57 of 3rd period - Shot by Jake Gardiner.
16:57 of 3rd period - Shot Blocked by Alex Goligoski.
16:59 of 3rd period - Shot by Lukas Kaspar.
16:59 of 3rd period - Shot Misses the Net.
17:20 of 3rd period - Brent Burns is hit by Andre Benoit and loses puck.
17:22 of 3rd period - Minor Penalty to Carlo Colaiacovo for Hooking.
17:22 of 3rd period - Minor Penalty to Rickard Rakell for Hooking.
17:23 of 3rd period - Corey Locke wins face-off versus Brad Marchand in Blue Jackets zone.
18:07 of 3rd period - Icing by Corey Locke.
18:08 of 3rd period - Corey Locke wins face-off versus Brad Marchand in Blue Jackets zone.
19:08 of 3rd period - Cody Franson is hit by Corey Locke and loses puck.
19:25 of 3rd period - Blue Jackets, Gerald Coleman is pulled from the net.
19:49 of 3rd period - Shot by Rick Nash.
19:49 of 3rd period - Stopped by Tuukka Rask without a rebound.
19:50 of 3rd period - Jarome Iginla wins face-off versus Tyler Seguin in Bruins zone.
Goals for this period are 1 for Bruins vs 0 for Blue Jackets.
Shots for this period are 14 for Bruins vs 3 for Blue Jackets.